 Dungeon Sprint DCSS version 0.22.1-1-ga44c0e56f4 (webtiles) character file.

1736 MuseOD the Unseen (level 11, -4/64 HPs)
             Began as a Spriggan Enchanter on Sept 26, 2018.
             Was the Champion of Dithmenos.
             Slain by a phase spider (15 damage)
             ... in the Dungeon (Sprint VI: "Thunderdome").
             The game lasted 00:12:08 (2058 turns).

MuseOD the Unseen (Spriggan Enchanter)              Turns: 2058, Time: 00:12:09

Health: -4/64      AC:  4    Str:  4    XL:     11   Next: 47%
Magic:  7/47       EV: 22    Int: 26    God:    Dithmenos [******]
Gold:   286        SH:  0    Dex: 16    Spells: 19/37 levels left

rFire    . . .     SeeInvis +   n - +2 dagger (venom)
rCold    + . .     Gourm    .   (shield restricted)
rNeg     . . .     Faith    +   s - +1 robe of the Dolphin {MP+9} (curse)
rPois    +         Spirit   .   t - +1 hat "Betuven" {*Drain Int+2 Slay+5}
rElec    .         Reflect  .   (no cloak)
rCorr    .         Harm     .   (gloves unavailable)
MR       ++++.     NoTele   +   (boots unavailable)
Stlth    ++++++++++             r - amulet "Donlye" {Faith Int+3}
HPRegen  0.20/turn              i - ring of Xom's Generosity {rPois rC+}
MPRegen  0.30/turn              q - ring "Viuhaesiq" {+Blink MR+++ MP+9 SInv}

@: wreathed by umbra, very quick
A: very small, unfitting armour, see invisible, herbivore, speed 3, slow
metabolism 2
}: 1/15 runes: serpentine
a: Shadow Step, Shadow Form, Renounce Religion, Evoke Blink


You were in the Dungeon.
You worshipped Dithmenos.
Dithmenos was exalted by your worship.
You were hungry.

You visited 1 branch You collected 1760 gold pieces.
You spent 1474 gold pieces at shops.

Inventory:

Hand Weapons
 a - a +1 dagger
 n - a +2 dagger of venom (weapon)
Armour
 b - a +0 robe
 p - a +1 robe of resistance
 s - the cursed +1 robe of the Dolphin (worn) {MP+9}
   (You bought it in a shop in the Dungeon)

   It affects your magic capacity (+9).
   It has a curse placed upon it.
 t - the +1 hat "Betuven" (worn) {*Drain Int+2 Slay+5}
   (You bought it in a shop in the Dungeon)

   It affects your intelligence (+2).
   It affects your accuracy and damage with ranged weapons and melee attacks
   (+5).
   It causes draining when unequipped.
Jewellery
 i - the ring of Xom's Generosity (left hand) {rPois rC+}
   (You bought it in a shop in the Dungeon)

   [ring of protection from cold]

   It protects you from cold.
   It protects you from poison.
 o - an uncursed ring of poison resistance
 q - the ring "Viuhaesiq" (right hand) {+Blink MR+++ MP+9 SInv}
   (You bought it in a shop in the Dungeon)

   [ring of magical power]

   It affects your resistance to hostile enchantments.
   It affects your magic capacity (+9).
   It lets you see invisible.
   It lets you blink.
 r - the amulet "Donlye" (around neck) {Faith Int+3}
   (You bought it in a shop in the Dungeon)

   [amulet of faith]

   It allows you to gain divine favour quickly.
   It affects your intelligence (+3).
Wands
 e - a wand of clouds (7)
 k - a wand of acid (3)
 l - a wand of iceblast (4)
Scrolls
 j - 4 scrolls of blinking
 m - 3 scrolls of fog
Potions
 c - 2 potions of resistance
 f - 4 potions of heal wounds
 g - 4 potions of haste
 h - 2 potions of magic
Comestibles
 d - a ration


   Skills:
 + Level 10.6 Fighting
 + Level 14.4 Short Blades
 - Level 6.2 Dodging
 + Level 18.4 Stealth
 + Level 13.5 Spellcasting
 - Level 2.6 Conjurations
 + Level 13.7 Hexes
 - Level 4.8 Evocations


You had 19 spell levels left.
You knew the following spells:

 Your Spells              Type           Power        Failure   Level  Hunger
a - Corona                Hex            ######.      0%          1    None
b - Ensorcelled Hibernat  Hex/Ice        ######       1%          2    None
c - Confuse               Hex            ######..     1%          3    None
d - Dazzling Spray        Conj/Hex       ######       1%          3    None
e - Tukima's Dance        Hex            ######..     1%          3    None
f - Invisibility          Hex            ######..     1%          6    ####...

Your spell library contained the following spells:

 Spells                   Type           Power        Failure   Level  Hunger
 Darkness                 Hex            ######....   1%          6    ####...
 Passwall                 Tmut/Erth      ###.....     4%          2    None
 Swiftness                Chrm/Air       ###.....     4%          2    None
 Passage of Golubria      Tloc           N/A          32%         4    None
 Lee's Rapid Deconstruct  Erth           ###.......   65%         5    ##.....


Dungeon Overview and Level Annotations

Branches:
Dungeon (1/1)

Altars:
Cheibriados
Dithmenos
Fedhas
Gozag
Kikubaaqudgha
Makhleb
Okawaru
Qazlal
Ru
Sif Muna
Trog
Uskayaw
Vehumet
Wu Jian
Xom
Yredelemnul
Zin
The Shining One
Beogh
Jiyva
Lugonu

Shops:
D *[%??*?*:[((!!!!


Innate Abilities, Weirdness & Mutations

You are very small and have problems with some larger weapons.
You are too small for most types of armour.
You have supernaturally acute eyesight. (SInv)
You are a herbivore.
You cover ground extremely quickly.
You need to consume almost no food.


Message History

Confirm with . or Enter, or press ? or * to list all spells.
Aiming: Dazzling Spray (safe; 1% risk of failure)
Press: ? - help, Shift-Dir - straight line, f/p - phase spider
Aim: a phase spider (lightly wounded, poisoned, confused, clinging, umbra)
The spray of energy hits the phase spider.
The phase spider is lightly wounded.
Your shadow mimicks your spell!
The shadow shard hits the phase spider.
Casting: Dazzling Spray (safe; 1% risk of failure)
Confirm with . or Enter, or press ? or * to list all spells.
Aiming: Dazzling Spray (safe; 1% risk of failure)
Press: ? - help, Shift-Dir - straight line, f/p - phase spider
Aim: a phase spider (black smoke, lightly wounded, poisoned, confused, umbra)
The spray of energy hits the phase spider.
The phase spider is lightly wounded.
The phase spider is dazzled.
Your shadow mimicks your spell!
The shadow shard hits the phase spider.
The web tears apart.
The phase spider pounces on you!
You die...

#_......._#
###)........#
#†.......†...
######.8.........8
##∩___......###....
###∩........8.# #.8..
##..§.§........###....
#⌠.§§§§§....###...###.
#⌠.§s@§§....# #.<.# #[
#⌠.§§§§§....###..)###.
##.§§§§§...[...###....
###∩........8.# #.8..
##∩___......###....
######(8.........8
#⌠...........
###[........#
#_..(...._#


You could see a phase spider (confused).

Vanquished Creatures
  A naga warrior (D)
  Josephine (D)
  A centaur warrior (D)
  2 alligators (D)
  A sixfirhy (D)
  A swamp dragon (D)
  A flayed ghost (D)
  An orange demon (D)
  3 rust devils (D)
  A guardian mummy (D)
  2 silent spectres (D)
  A tengu conjurer (D)
  A tyrant leech (D)
  A slime creature (D)
  A ynoxinul (D)
  A wraith (D)
  A shadow (D)
  Sigmund (D)
  2 vampire mosquitoes (D)
  Menkaure (D)
  A chaos spawn (D)
  An insubstantial wisp (D)
  3 water moccasins (D)
  A sky beast (D)
  2 swamp drakes (D)
  2 phantoms (D)
  A scorpion (D)
  2 wights (D)
  A crimson imp (D)
  Jessica (D)
  A worker ant (D)
  4 mummies (D)
  3 spectral adders (D)
  An adder skeleton (D)
  A worm (D)
  A kobold (D)
  3 ball pythons (D)
  A ball python skeleton (D)
  A spectral giant cockroach (D)
56 creatures vanquished.

Notes
Turn   | Place    | Note
-------+----------+-------------------------------------------
     0 | D        | MuseOD the Spriggan Enchanter began the quest for the Orb.
     0 | D        | Reached XP level 1. HP: 9/9 MP: 5/5
     4 | D        | Found a roughly hewn altar of Beogh.
     4 | D        | Found a hide-covered altar of Uskayaw.
     5 | D        | Found an ancient bone altar of Kikubaaqudgha.
     6 | D        | Found an opulent altar of Gozag.
     6 | D        | Found a sacrificial altar of Ru.
     7 | D        | Found a shadowy altar of Dithmenos.
     7 | D        | Found a stormy altar of Qazlal.
     7 | D        | Found Wydaj's Weapon Rack.
     7 | D        | Found Cigeycs's Premium Goods.
     8 | D        | Found Wusurch's Basic Armour.
     8 | D        | Found Nuwkon's Miscellaneous Merchandise.
     8 | D        | Round 1.
     8 | D        | Noticed Jessica
    10 | D        | Found a blossoming altar of Fedhas.
    11 | D        | Found an ornate altar of the Wu Jian Council.
    12 | D        | Found a deep blue altar of Sif Muna.
    15 | D        | Became a worshipper of Dithmenos the Shadowed
    16 | D        | Killed Jessica
    16 | D        | Reached skill level 6 in Stealth
    16 | D        | Reached XP level 2. HP: 8/15 MP: 6/6
    21 | D        | Found Suqeegga's Identification Station.
    21 | D        | Noticed Sigmund
    31 | D        | Learned a level 2 spell: Ensorcelled Hibernation
    38 | D        | Found a glowing silver altar of Zin.
    38 | D        | Found a shimmering altar of Xom.
    38 | D        | Found a bloodstained altar of Trog.
    38 | D        | Found Faprer's Delicious Food.
    39 | D        | Killed Sigmund
    39 | D        | Reached skill level 9 in Stealth
    39 | D        | Reached XP level 3. HP: 13/21 MP: 2/8
    39 | D        | Reached XP level 4. HP: 16/25 MP: 2/9
    39 | D        | Reached XP level 5. HP: 18/29 MP: 2/10
    40 | D        | Found Vurenum's Advanced Armour.
    40 | D        | Found Jigruitto's Jewellery.
    45 | D        | Found a burning altar of Makhleb.
    46 | D        | Found a basalt altar of Yredelemnul.
    47 | D        | Found a glowing golden altar of the Shining One.
    48 | D        | Found a viscous altar of Jiyva.
    48 | D        | Found an iron altar of Okawaru.
    48 | D        | Found a snail-covered altar of Cheibriados.
    48 | D        | Found Kiokoint's Magic Scroll Shop.
    48 | D        | Found Mekonirph's Staff Store.
    49 | D        | Found Goijaj's Magic Scroll Shop.
    49 | D        | Found Debuju's Must-Have Magic.
    54 | D        | Found a radiant altar of Vehumet.
    55 | D        | Found Gehoiluw's Distillery.
    56 | D        | Found Ylau's Distillery.
    56 | D        | Found Qoixog's Bottled Wisdom.
    56 | D        | Found a corrupted altar of Lugonu.
    56 | D        | Found Akaru's Do-It-Yourself Clinic.
    90 | D        | Reached * piety under Dithmenos
   142 | D        | Arena points: 12 (+12) [x2]
   203 | D        | Round 2.
   206 | D        | Learned a level 3 spell: Confuse
   210 | D        | Learned a level 3 spell: Dazzling Spray
   213 | D        | Reached ** piety under Dithmenos
   216 | D        | Noticed a water moccasin
   218 | D        | Noticed a water moccasin
   225 | D        | Killed a water moccasin
   225 | D        | Reached skill level 5 in Fighting
   225 | D        | Reached skill level 10 in Stealth
   225 | D        | Reached skill level 5 in Hexes
   225 | D        | Reached XP level 6. HP: 19/35 MP: 3/13
   232 | D        | Killed a water moccasin
   232 | D        | Reached skill level 11 in Stealth
   232 | D        | Reached skill level 5 in Spellcasting
   317 | D        | Noticed a water moccasin
   323 | D        | Killed a water moccasin
   323 | D        | Reached *** piety under Dithmenos
   323 | D        | Reached XP level 7. HP: 33/39 MP: 8/17
   360 | D        | Arena points: 54 (+42) [x3]
   404 | D        | Round 3.
   406 | D        | Noticed Menkaure
   409 | D        | Learned a level 3 spell: Tukima's Dance
   413 | D        | Killed Menkaure
   413 | D        | Reached skill level 10 in Short Blades
   413 | D        | Reached skill level 12 in Stealth
   522 | D        | Noticed a guardian mummy
   532 | D        | Killed a guardian mummy
   540 | D        | Reached **** piety under Dithmenos
   616 | D        | Arena points: 138 (+84) [x4]
   648 | D        | Round 4.
   656 | D        | Reached ***** piety under Dithmenos
   710 | D        | Noticed a wraith
   723 | D        | Killed a wraith
   723 | D        | Reached skill level 13 in Stealth
   723 | D        | Reached XP level 8. HP: 45/45 MP: 13/21
   849 | D        | Arena points: 278 (+140) [x5]
   905 | D        | Round 5.
   906 | D        | Noticed a naga warlord
   956 | D        | Noticed a naga mage
   960 | D        | Killed a naga warlord
   960 | D        | Arena points: 523 (+245) [x7]
   960 | D        | Reached skill level 14 in Stealth
   961 | D        | Got a serpentine rune of Zot
   963 | D        | Reached XP level 9. HP: 12/51 MP: 2/23
   977 | D        | Bought a book of Burglary for 525 gold pieces
  1001 | D        | Bought an uncursed ring of poison resistance for 300 gold
                  | pieces
  1175 | D        | Round 6.
  1177 | D        | Noticed a sixfirhy
  1178 | D        | Noticed an orange demon
  1178 | D        | Noticed a rust devil
  1181 | D        | Learned a level 6 spell: Invisibility
  1184 | D        | Noticed a rust devil
  1193 | D        | Killed a rust devil
  1193 | D        | Reached skill level 10 in Hexes
  1193 | D        | Reached XP level 10. HP: 38/56 MP: 18/24
  1194 | D        | Killed a sixfirhy
  1194 | D        | Reached skill level 15 in Stealth
  1194 | D        | Reached skill level 10 in Spellcasting
  1197 | D        | Killed an orange demon
  1208 | D        | Reached ****** piety under Dithmenos
  1213 | D        | Killed a rust devil
  1218 | D        | Noticed a rust devil
  1239 | D        | Killed a rust devil
  1239 | D        | Reached skill level 16 in Stealth
  1254 | D        | Arena points: 907 (+384) [x8]
  1270 | D        | Round 7.
  1276 | D        | Noticed Josephine
  1294 | D        | Killed Josephine
  1369 | D        | Noticed a flayed ghost
  1474 | D        | Killed a flayed ghost
  1474 | D        | Reached skill level 17 in Stealth
  1485 | D        | Reached XP level 11. HP: 36/63 MP: 8/28
  1511 | D        | Arena points: 1474 (+567) [x9]
  1544 | D        | Round 8.
  1684 | D        | Noticed a centaur warrior
  1697 | D        | Noticed Rupert
  1700 | D        | Killed a centaur warrior
  1700 | D        | Reached skill level 10 in Fighting
  1703 | D        | Paralysed by Rupert for 4 turns
  1786 | D        | Arena points: 1538 (+64) [x1]
  1804 | D        | Round 9.
  1827 | D        | Noticed an alligator
  1852 | D        | Killed an alligator
  1884 | D        | Noticed a swamp dragon
  1898 | D        | Killed a swamp dragon
  1898 | D        | Reached skill level 18 in Stealth
  1941 | D        | Noticed an alligator
  1963 | D        | Killed an alligator
  1990 | D        | Arena points: 1736 (+198) [x2]
  2004 | D        | Bought a faintly glowing bronze ring for 45 gold pieces
  2004 | D        | Bought a shimmering jade ring for 45 gold pieces
  2004 | D        | Bought a shimmering brass amulet for 45 gold pieces
  2004 | D        | Identified the ring "Viuhaesiq" {+Blink MR+++ MP+9 SInv}
                  | (You bought it in a shop in the Dungeon)
  2005 | D        | Identified the amulet "Donlye" {Faith Int+3} (You bought it
                  | in a shop in the Dungeon)
  2007 | D        | Identified the ring of Xom's Generosity {rPois rC+} (You
                  | bought it in a shop in the Dungeon)
  2016 | D        | Bought a wizard robe for 199 gold pieces
  2016 | D        | Bought a polished hat for 315 gold pieces
  2026 | D        | Identified the cursed +1 robe of the Dolphin {MP+9} (You
                  | bought it in a shop in the Dungeon)
  2031 | D        | Identified the +1 hat "Betuven" {*Drain Int+2 Slay+5} (You
                  | bought it in a shop in the Dungeon)
  2040 | D        | Round 10.
  2058 | D        | Slain by a phase spider

Skill      XL: |  1  2  3  4  5  6  7  8  9 10 11 |
---------------+----------------------------------+-----
Fighting       | 2 4 5 6 7 8 9 10 | 10.6
Short Blades   | 4 8 9 10 11 13 14 | 14.4
Stealth        | 6 9 10 11 13 14 17 18 | 18.4
Spellcasting   | 4 6 8 9 12 13 | 13.5
Hexes          | 5 6 8 9 10 12 13 | 13.7
Dodging        | 6 |  6.2
Conjurations   | 2 |  2.6
Evocations     | 4 |  4.8

Action                   |  1- 3 |  4- 6 |  7- 9 | 10-12 || total
-------------------------+-------+-------+-------+-------++-------
Melee: Dagger            |     1 |    16 |    94 |   127 ||   238
 Cast: Ensorcelled Hiber |     2 |    10 |     1 |    11 ||    24
       Confuse           |       |       |    13 |    24 ||    37
       Dazzling Spray    |       |       |     8 |    14 ||    22
       Invisibility      |       |       |     1 |     1 ||     2
Invok: Shadow Step       |       |       |       |     1 ||     1
Evoke: Wand              |     1 |       |       |     2 ||     3
  Use: Potion            |       |       |     2 |     1 ||     3
 Stab: Sleeping          |     1 |     4 |     1 |     7 ||    13
       Confused          |       |       |     9 |    15 ||    24
       Distracted        |       |       |     1 |       ||     1
       Invisible         |       |       |     5 |     6 ||    11
Armor: Robe              |       |       |       |     4 ||     4
Dodge: Dodged            |       |     8 |    35 |    49 ||    92
